 Dungeon Crawl Stone Soup version 0.31-a0-303-gdc8c9485ea (webtiles) character file.

Game seed: 6124992670832108669

885 cforsyth the Ruffian (level 8, -4/73 HPs)
             Began as a Meteoran Fighter on July 17, 2023.
             Was a Believer of Makhleb.
             Slain by an ice beast (9 damage)
             ... on level 6 of the Dungeon.
             The game lasted 00:07:12 (1491 turns).

cforsyth the Ruffian (Meteoran Fighter)             Turns: 1491, Time: 00:07:12

Health: -4/73      AC: 11    Str: 27    XL:     8   Next: 51%
Magic:  18/18      EV:  7    Int:  9    God:    Makhleb [**....]
Gold:   52         SH:  5    Dex: 13    Spells: 7/7 levels left

rFire   . .          .
                       - Unarmed
rCold   . . .        b - +0 buckler
rNeg    . . .        i - +0 plate armour
rPois   .            (no helmet)
rElec   .            (no cloak)
rCorr   .            (no gloves)
SInv    .            (no boots)
Will    +....        (no amulet) Stlth
                     k - +6 ring of strength
HPRegen 0.32/turn    l - ring of magical power
MPRegen 0.16/turn

%: no passive effects
@: glowing
A: sense surroundings 1, otherworldly, glowing, explore regen
a: Renounce Religion, Minor Destruction


You were on level 6 of the Dungeon.
You worshipped Makhleb.
Makhleb was pleased with you.
You visited 1 branch of the dungeon, and saw 6 of its levels.
You also visited: Sewer.

You collected 52 gold pieces.

Inventory:

Armour
 a - a +0 scale mail
 b - a +0 buckler (worn)
 i - a +0 plate armour (worn)
Jewellery
 k - a +6 ring of strength (left hand)
 l - a ring of magical power (right hand)
Wands
 t - a wand of mindburst (6)
Scrolls
 c - a scroll of teleportation {unknown}
 d - 2 scrolls of enchant armour {unknown}
 g - a scroll of vulnerability {unknown}
 h - 5 scrolls of identify {unknown}
 n - 2 scrolls of revelation {unknown}
 r - a scroll of immolation {unknown}
Potions
 e - 2 potions of lignification {unknown}
 f - 2 potions of mutation {unknown}
 j - a potion of curing {unknown}
 m - 3 potions of resistance {unknown}
 o - 2 potions of haste {unknown}
 p - a potion of berserk rage {unknown}
 q - a potion of degeneration {unknown}
 s - a potion of heal wounds {unknown}


   Skills:
 + Level 7.6 Fighting
 - Level 3.6 Armour
 - Level 3.6 Shields
 + Level 7.9 Unarmed Combat


You had 7 spell levels left.
You didn't know any spells.
Your spell library was empty.

Dungeon Overview and Level Annotations

Branches:
Dungeon (6/15) Zot: 2387    Sewer (visited)
 Temple: D:4-7

Altars:
Makhleb
Vehumet

Annotations:
D:4 1 transporter


Innate Abilities, Weirdness & Mutations

You passively map a small area around you.
You are easily found by Zot.
You glow in the dark.
You regain HP and MP as you explore.


Message History

The ice beast hits you but does no damage.
You punch the ice beast!
The ice beast is moderately wounded.
The ice beast hits you but does no damage.
You hit the ice beast but do no damage.
The ice beast is moderately wounded.
The ice beast hits you but does no damage.
You closely miss the ice beast.
The ice beast is moderately wounded.
You hit the ice beast but do no damage.
The ice beast is moderately wounded.
You block the ice beast's attack.
You hit the ice beast.
The ice beast is heavily wounded.
The ice beast hits you. The ice beast freezes you!
* * * LOW HITPOINT WARNING * * *
You hit the ice beast.
The ice beast is heavily wounded.
The ice beast barely misses you.
You punch the ice beast!
The ice beast is severely wounded.
The ice beast barely misses you.
You closely miss the ice beast.
The ice beast is severely wounded.
The ice beast hits you.
* * * LOW HITPOINT WARNING * * *
The ice beast freezes you!
* * * LOW HITPOINT WARNING * * *
You closely miss the ice beast.
The ice beast is severely wounded.
You block the ice beast's attack.
You hit the ice beast.
The ice beast is almost dead.
The ice beast hits you but does no damage.
You barely miss the ice beast.
The ice beast is almost dead.
The ice beast hits you.
* * * LOW HITPOINT WARNING * * *
The ice beast freezes you!
You die...

, * , , , , ,
#########+#, ,
#.........+
#.........#,,,,
#......Y..# ,
#.....@...# ,
#...####### *
#. , , , , , ,
, * , * ** * ,
* , , ,


You could see an ice beast.

Vanquished Creatures
  Sigmund (D:4)
  An ogre (D:5)
  4 kobold brigands (Sewer)
  A hound (D:4)
  An iguana (D:5)
  2 orc wizards
  7 adders
  8 gnolls (D:5)
  2 river rats (Sewer)
  4 worms
  4 dart slugs
  8 orcs
  7 endoplasms
  3 goblins (D:1)
  3 hobgoblins
  6 jackals
  6 quokkas
  4 ball pythons
  3 bats
  A frilled lizard (D:1)
  11 kobolds
  10 rats
97 creatures vanquished.

Notes
Turn   | Place    | Note
-------+----------+-------------------------------------------
     0 | D:1      | cforsyth the Meteoran Fighter began the quest for the Orb.
     0 | D:1      | Reached XP level 1. HP: 19/19 MP: 2/2
    45 | D:1      | Reached XP level 2. HP: 13/26 MP: 3/3
   178 | D:1      | Reached XP level 3. HP: 28/33 MP: 4/4
   388 | D:2      | Found a faded altar of an unknown god.
   563 | D:2      | Found a burning altar of Makhleb.
   569 | D:2      | Reached XP level 4. HP: 40/40 MP: 5/5
   574 | D:2      | Became a worshipper of Makhleb the Destroyer
   757 | D:4      | Found a transporter.
   794 | D:4      | Reached XP level 5. HP: 39/47 MP: 6/6
   802 | D:4      | Noticed Sigmund
   832 | D:4      | Reached skill level 5 in Fighting
   843 | D:4      | Killed Sigmund
   844 | D:4      | Reached skill level 5 in Unarmed Combat
   844 | D:4      | Reached XP level 6. HP: 22/57 MP: 7/7
   844 | D:4      | Reached XP level 7. HP: 23/62 MP: 8/8
   858 | D:4      | Found a radiant altar of Vehumet.
   910 | D:4      | Found a glowing drain.
   940 | Sewer    | Entered a sewer
   962 | Sewer    | Reached * piety under Makhleb
  1143 | Sewer    | Reached XP level 8. HP: 56/71 MP: 9/9
  1334 | D:5      | Entered Level 5 of the Dungeon
  1455 | D:5      | Reached ** piety under Makhleb
  1470 | D:5      | Noticed a troll
  1491 | D:6      | Slain by an ice beast

Illustrated notes

Levels and vault maps discovered:
D:1:      dpeg_arrival_line_fractal, layout_rooms
D:2:      layout_loops_corners, basic_altar,
          hellmonk_ecumenical_altar_inner_sanctum
D:3:      minmay_chambers_of_threes, layout_basic
D:4:      gammafunk_cloud_chamber, layout_loops_corners, vehumet_crystals,
          lemuel_doored_altar, cheibrodos_sewer_entry_bend, uniq_sigmund
D:5:      layout_rooms, grunt_gozag_statues, mainiacjoe_overflow_cross_hatched
D:6:      layout_gridville, mainiacjoe_overflow_six_doors_small,
          grunt_decor_clamped, uniq_eustachio

Skill      XL: |  1  2  3  4  5  6  7  8 |
---------------+-------------------------+-----
Unarmed Combat | 3 4 5 7 |  7.9
Fighting       | 4 5 6 7 |  7.6
Armour         | |  3.6
Shields        | |  3.6

Action                     |  1- 3 |  4- 6 |  7- 9 || total
---------------------------+-------+-------+-------++-------
  Melee: Unarmed           |   126 |    75 |   185 ||   386
    Use: Potion            |       |     1 |       ||     1
 Armour: Scale mail        |    50 |       |       ||    50
         Plate armour      |    26 |    43 |    68 ||   137
  Dodge: Dodged            |    54 |     7 |    30 ||    91
  Block: Buckler           |    31 |    15 |    25 ||    71

Table legend: (Time is in decaauts)
 A = Elapsed time spent in this place.
 B = Non-inter-level travel time spent in this place.
 C = Inter-level travel time spent in this place.
 D = Time resting spent in this place.
 E = Time spent auto-exploring this place.
 F = Levels seen in this place.
 G = Mean time per level.
                   A        B        C        D        E       F      G
               +--------+--------+--------+--------+--------+-----+--------+
         Total |   1531 |   1531 |      0 |      0 |      0 |   7 |  218.7 |
       Dungeon |   1211 |   1211 |      0 |      0 |      0 |   6 |  201.8 |
         Sewer |    320 |    320 |      0 |      0 |      0 |   1 |  320.0 |
               +--------+--------+--------+--------+--------+-----+--------+

Top non-repeatable levels by time:
     D:1: 383 daAuts
     D:2: 342 daAuts
   Sewer: 320 daAuts
     D:4: 315 daAuts
     D:5: 138 daAuts
     D:3: 21 daAuts
     D:6: 10 daAuts
